cohdb
Replays
Latest Replays
All Replays
Popular Replays
Top Player Replays
Match Explorer
How It Works
Community
CoH3 Stats
Reddit
Sign in to upload your games and track your stats! →
Sign in with Steam
Match 32708974
Unlisted
Match 32708974
Overview
Messages
Build Orders
End
Construct Weapon Support Center
Selects Armored Battlegroup
Selects Assault Engineers
Assault Engineer Squad
M1919 Machine Gun Team
Assault Engineer Squad
M1919 Machine Gun Team
Bazooka Squad
Construct Medical Station
M1919 Machine Gun Team
Air Support Center
Selects Strength in Steel
Assault Engineer Squad
Grasshopper Recon Run
M1919 Machine Gun Team
Bubbciss
Elite Unit
Mad)(Cat
汉东省委高育良
0
0
Comments
sign in to comment!
No comments posted yet!